 Dungeon Crawl Stone Soup version 0.31-a0-924-ge39a22a033 (webtiles) character file.

Game seed: 17520679541571053200

3700 Morbidden the Nimble (level 10, -3/75 HPs)
             Began as a Djinni Air Elementalist on Oct 17, 2023.
             Was a Believer of Cheibriados.
             Slain by a spriggan
             ... wielding a +0 spear
              (7 damage)
             ... in a bailey on Oct 18, 2023.
             The game lasted 00:11:32 (5248 turns).

Morbidden the Nimble (Djinni Air Elementalist)      Turns: 5248, Time: 00:11:32

Health: -3/75      AC:  5    Str: 13 (15) XL:     10   Next: 35%
Gold:   530        EV: 15    Int: 30 (33) God:    Cheibriados [**....] SH:  0 Dex: 15 (18)

rFire   + + .        a - +0 rapier (flame)
rCold   x . .        (no shield)
rNeg    . . .        n - +0 leather armour
rPois   ∞            y - +0 helmet
rElec   .            z - +0 cloak
rCorr   .            (no gloves)
SInv    .            (boots unavailable)
Will    +....        s - amulet of regeneration
Stlth   ++           p - +6 ring of intelligence
HPRegen 1.12/turn    u - +6 ring of intelligence
MPRegen 0.00/turn

%: infuse magic (-4 HP)
@: freezing walls, flying, very slow
A: sickness immunity, fire resistance 2, cold vulnerability 1, float, innate
caster, HP casting, extra vitality 1
a: Renounce Religion, Bend Time


You were in a bailey.
You worshipped Cheibriados.
Cheibriados was pleased with you.
You visited 2 branches of the dungeon, and saw 8 of its levels.
You also visited: Ossuary and Bailey.

You collected 530 gold pieces.

Inventory:

Hand Weapons
 a - a +0 rapier of flaming (weapon)
Armour
 n - a +0 leather armour (worn)
 y - a +0 helmet (worn)
 z - a +0 cloak (worn)
Jewellery
 p - a +6 ring of intelligence (left hand)
 s - an amulet of regeneration (around neck)
 u - a +6 ring of intelligence (right hand)
Wands
 D - a wand of roots (6)
Scrolls
 c - 9 scrolls of identify
 g - 2 scrolls of teleportation
 m - a scroll of amnesia {unknown}
 o - a scroll of noise
 q - 2 scrolls of silence {unknown}
 v - a scroll of enchant armour {unknown}
 w - a scroll of butterflies {unknown}
 A - 2 scrolls of vulnerability {unknown}
 B - a scroll of fog {unknown}
Potions
 b - 2 potions of haste {unknown}
 d - a potion of invisibility {unknown}
 e - 2 potions of resistance {unknown}
 f - a potion of magic {unknown}
 h - 4 potions of lignification {unknown}
 i - 3 potions of degeneration
 j - 3 potions of brilliance {unknown}
 k - a potion of mutation {unknown}
 l - 2 potions of curing {unknown}
 r - 3 potions of might {unknown}
 t - 5 potions of cancellation {unknown}
 x - 2 potions of enlightenment {unknown}
 C - a potion of attraction {unknown}
 E - a potion of heal wounds {unknown}


   Skills:
 * Level 7.4 Fighting
 + Level 0.4 Short Blades
 + Level 2.3 Armour
 * Level 8.5 Dodging
 + Level 2.4 Stealth
 * Level 6.5 Spellcasting
 * Level 6.5 Conjurations
 * Level 6.5 Hexes
 * Level 6.5 Summonings
 * Level 6.5 Necromancy
 * Level 6.5 Translocations
 * Level 6.5 Transmutations
 * Level 6.5 Fire Magic
 * Level 6.5 Ice Magic
 * Level 6.5 Air Magic
 * Level 6.5 Earth Magic
 * Level 6.5 Poison Magic
 * Level 3.9 Invocations


You knew the following spells:

 Your Spells              Type           Power      Damage    Failure   Level
a - Airstrike             Air            24%        2d(4-20)  4%          4
b - Static Discharge      Conj/Air       98%        2-7/arc   1%          2
c - Poisonous Vapours     Pois/Air       98%        N/A       1%          2
d - Shock                 Conj/Air       100%       1d9       1%          1
e - Kiss of Death         Conj/Necr      100%       2d13      1%          1
f - Swiftness             Air            49%        N/A       1%          3
g - Frozen Ramparts       Ice            98%        1d15      1%          3
x - Searing Ray           Conj           98%        2d8       1%          2
Your spell library was empty.

Dungeon Overview and Level Annotations

Branches:
Dungeon (7/15)             Temple (1/1) D:6         Ossuary (visited)
 Bailey (1/1)

Altars:
Ashenzari
Cheibriados
Dithmenos
Fedhas
Gozag
Hepliaklqana
Makhleb
Nemelex Xobeh
Okawaru
Qazlal
Trog
Uskayaw
Xom
Yredelemnul
Zin
The Shining One


Innate Abilities, Weirdness & Mutations

You are immune to sickness and miasma.
You are immune to poison.
Your flesh is very heat resistant. (rF++)
You are vulnerable to cold. (rC-)
You float through the air rather than walking.
You learn spells naturally, not from books.
Your magical power is your life essence.
You have superior vitality. (+4 MHP)


Message History

The two-headed ogre closely misses you.
The two-headed ogre hits you from afar with a +0 halberd.
Unknown command.
Unknown command.
Casting: Airstrike (dangerous; 3% risk of failure)
Confirm with . or Enter, or press ? or * to list all spells.
Aiming: Airstrike (dangerous; 3% risk of failure)
Press: ? - help, Dir - move target, f/p - two-headed ogre
Aim: a two-headed ogre, wielding two +0 halberds (moderately wounded, empty space bonus: 6/8)
The air twists around and strikes the two-headed ogre!!
The two-headed ogre is almost dead.
The wall freezes the two-headed ogre but does no damage.
The two-headed ogre barely misses you.
The two-headed ogre hits you from afar with a +0 halberd!
Unknown command.
Unknown command.
Casting: Airstrike (dangerous; 3% risk of failure)
Confirm with . or Enter, or press ? or * to list all spells.
Aiming: Airstrike (dangerous; 3% risk of failure)
Press: ? - help, Dir - move target, f/p - two-headed ogre
Aim: a two-headed ogre, wielding two +0 halberds (almost dead, empty space bonus: 6/8)
The air twists around and strikes the two-headed ogre!
You kill the two-headed ogre!
Cheibriados appreciates the change of pace.
The spriggan shoots a sling bullet.
The sling bullet hits you!
The wall freezes the spriggan.
The spriggan hits you from afar with a +0 spear!
* * * LOW HITPOINT WARNING * * *
Unknown command.
Unknown command.
Unknown command.
It was a potion of degeneration.
There was something very wrong with that liquid.
You feel weakened.
You feel dopey.
You feel clumsy.
A spriggan comes into view. It is wielding a +0 trident.
The spriggan shoots a sling bullet.
The sling bullet hits you!
* * * LOW HITPOINT WARNING * * *
The wall freezes the spriggan.
The spriggan hits you from afar with a +0 spear!
You die...

##...## ##..## ..##..##
#.....# ##..#♣. ..##..##
##.....###))♣#.. ..#...#
#...∩..~)~..#..♣ ♣.♣...#
#......~~)..♣.i# ♣.♣~..#
#......~~~..#..~ ♣.~~..#
#......~~~..#.)# ♣.♣~..#
#...∩..~~~..#..♣♣ ♣♣.#...#
##.....###..♣#@.♣###♣..#...#
#.....# ##..##.i...i.♣♣..##
##...## #..♣#.....##..##
##.## #..####### .## ### #


You could see 3 spriggans.

Vanquished Creatures
  A two-headed ogre (Bailey)
  2 spriggans (Bailey)
  A wraith (D:6)
  Eustachio (D:4)
  Duvessa (D:4)
  3 orc warriors (D:6)
  A sky beast (D:6)
  3 black bears
  5 ogres (Bailey)
  3 elf zombies (Ossuary)
  A bullfrog (D:6)
  Dowan (D:4)
  A howler monkey (D:5)
  3 hounds (D:5)
  2 quasits (D:6)
  A human zombie (Ossuary)
  4 orc priests
  A gnoll bouda (D:6)
  2 jellies
  3 iron imps (D:4)
  3 iguanas (D:5)
  3 orc wizards (D:6)
  A hound zombie (Ossuary)
  3 mummies (Ossuary)
  9 gnolls (D:6)
  6 adders
  3 shadow imps
  A white imp (D:6)
  3 ufetubi (D:6)
  6 adder zombies (Ossuary)
  8 dart slugs
  30 orcs
  6 endoplasms
  2 giant cockroaches
  A gnoll zombie (Ossuary)
  A goblin (D:1)
  9 hobgoblins
  5 jackals
  6 quokkas
  5 ball pythons
  2 bats (D:1)
  3 frilled lizards
  6 goblin zombies (Ossuary)
  5 hobgoblin zombies (Ossuary)
  4 kobolds (D:2)
  4 kobold zombies (Ossuary)
  3 orc zombies (Ossuary)
  3 quokka zombies (Ossuary)
  5 rats
  2 rat zombies (Ossuary)
188 creatures vanquished.

Notes
Turn   | Place    | Note
-------+----------+-------------------------------------------
     0 | D:1      | Morbidden the Djinni Air Elementalist began the quest for
                  | the Orb.
     0 | D:1      | Morbidden set off with the following spells memorised:
                  | Shock, Static Discharge, Swiftness, Airstrike.
     0 | D:1      | Reached XP level 1. HP: 15/15 MP: 0/0
    78 | D:1      | Reached XP level 2. HP: 3/22 MP: 0/0
   317 | D:1      | Found a faded altar of an unknown god.
   678 | D:1      | Reached XP level 3. HP: 25/26 MP: 0/0
   678 | D:1      | Learned a level 1 spell: Kiss of Death
   687 | D:1      | Reached skill level 1 in Fighting
   878 | D:1      | Reached skill level 3 in Dodging
  1038 | D:2      | Found a sparkling altar of Nemelex Xobeh.
  1119 | D:2      | Reached XP level 4. HP: 19/32 MP: 0/0
  1334 | D:2      | Upgraded the game from 0.31-a0-917-ga885b83477 to
                  | 0.31-a0-924-ge39a22a033
  1750 | D:3      | Identified the +0 spear of Makyut {freeze, MP+9 Str+5}
  1776 | D:3      | Found a glowing golden altar of the Shining One.
  2076 | D:3      | Reached XP level 5. HP: 27/38 MP: 0/0
  2076 | D:3      | Learned a level 2 spell: Searing Ray
  2214 | D:4      | Noticed Dowan
  2221 | D:4      | Noticed Duvessa
  2289 | D:4      | Noticed Eustachio
  2297 | D:4      | Killed Eustachio
  2298 | D:4      | Reached skill level 4 in Dodging
  2298 | D:4      | Reached XP level 6. HP: 32/46 MP: 0/0
  2388 | D:4      | Found a shadowy altar of Dithmenos.
  2430 | D:4      | Killed Duvessa
  2431 | D:4      | Reached XP level 7. HP: 50/50 MP: 0/0
  2431 | D:4      | Learned a level 2 spell: Poisonous Vapours
  2437 | D:4      | Killed Dowan
  2680 | D:4      | Reached skill level 5 in Dodging
  2710 | D:4      | Found a burning altar of Makhleb.
  2975 | D:5      | Entered Level 5 of the Dungeon
  3040 | D:5      | Reached XP level 8. HP: 33/58 MP: 0/0
  3101 | D:5      | Found a sand-covered staircase.
  3108 | Ossuary  | Entered an ossuary
  3297 | Ossuary  | Reached skill level 6 in Dodging
  3297 | Ossuary  | Reached skill level 5 in Spellcasting
  3297 | Ossuary  | Reached skill level 5 in Conjurations
  3297 | Ossuary  | Reached skill level 5 in Hexes
  3297 | Ossuary  | Reached skill level 5 in Summonings
  3297 | Ossuary  | Reached skill level 5 in Necromancy
  3297 | Ossuary  | Reached skill level 5 in Translocations
  3297 | Ossuary  | Reached skill level 5 in Transmutations
  3297 | Ossuary  | Reached skill level 5 in Fire Magic
  3297 | Ossuary  | Reached skill level 5 in Ice Magic
  3297 | Ossuary  | Reached skill level 5 in Air Magic
  3297 | Ossuary  | Reached skill level 5 in Earth Magic
  3297 | Ossuary  | Reached skill level 5 in Poison Magic
  3413 | Ossuary  | Reached skill level 5 in Fighting
  3512 | D:5      | Reached skill level 1 in Armour
  4027 | D:6      | Reached XP level 9. HP: 62/65 MP: 0/0
  4027 | D:6      | Learned a level 3 spell: Frozen Ramparts
  4160 | D:6      | Reached skill level 7 in Dodging
  4179 | D:6      | Found a staircase to the Ecumenical Temple.
  4220 | Temple   | Entered the Ecumenical Temple
  4253 | Temple   | Became a worshipper of Cheibriados the Contemplative
  4462 | D:6      | Identified the +0 robe of Uwuz {rPois rCorr Dex+4 SInv}
  4565 | D:6      | Found a runed translucent door.
  4619 | D:6      | Reached skill level 1 in Invocations
  4861 | D:6      | Reached * piety under Cheibriados
  5104 | D:7      | Found a flagged portal.
  5113 | Bailey   | Entered a bailey
  5142 | Bailey   | Reached ** piety under Cheibriados
  5165 | Bailey   | Reached XP level 10. HP: 62/73 MP: 0/0
  5171 | Bailey   | Reached skill level 8 in Dodging
  5224 | Bailey   | Identified the +6 dagger of Uncomfortable Rashes {protect,
                  | *Noise Drain rElec Int+9}
  5243 | Bailey   | Noticed a two-headed ogre
  5247 | Bailey   | Killed a two-headed ogre
  5248 | Bailey   | Slain by a spriggan

Illustrated notes

Levels and vault maps discovered:
D:1:      spicycebolla_green_bress_n_ham_2, layout_basic,
          shapermc_ecumenical_altar_notcrosses
D:2:      layout_rooms, basic_altar, nrook_campfire, serial_bayou_lagoon_a
D:3:      layout_rooms, mainiacjoe_overflow_catwalk, serial_forest,
          infiniplex_forest_fountain, infiniplex_forest_straight_2,
          infiniplex_forest_lined_4_way, infiniplex_forest_lined_corner,
          infiniplex_forest_clump_tiny, infiniplex_forest_lined_3,
          infiniplex_forest_clump_long, infiniplex_forest_end_2,
          infiniplex_forest_zigzag_2
D:4:      layout_rooms, mainiacjoe_overflow_cross_hatched, demons_altar,
          uniq_duvessa, uniq_eustachio
D:5:      layout_loops_ring, chequers_ossuary_entry_cave, serial_glass,
          glass_columns_a, glass_columns_a, minmay_fractal_squares_5
D:6:      layout_cave_pools, minmay_temple_entry_fiery, serial_demonic,
          serial_demonic_e, serial_demonic_g, serial_demonic_d,
          serial_demonic_a, hangedman_decor_growths, lightli_church_of_beogh
D:7:      layout_cave_pools, enter_bailey_2
Temple:   regret_index_temple_waves
Bailey:   bailey_polearm_enchanted_keep_hellmonk, bailey

Skill      XL: |  1  2  3  4  5  6  7  8  9 10 |
---------------+-------------------------------+-----
Spellcasting   | 4 5 6 |  6.5
Conjurations   | 4 5 6 |  6.5
Hexes          | 4 5 6 |  6.5
Summonings     | 4 5 6 |  6.5
Necromancy     | 4 5 6 |  6.5
Translocations | 4 5 6 |  6.5
Transmutations | 4 5 6 |  6.5
Fire Magic     | 4 5 6 |  6.5
Ice Magic      | 4 5 6 |  6.5
Air Magic      | 4 5 6 |  6.5
Earth Magic    | 4 5 6 |  6.5
Poison Magic   | 4 5 6 |  6.5
Fighting       | 1 2 3 4 5 6 7 |  7.4
Dodging        | 3 4 5 6 7 8 |  8.5
Stealth        | 2 |  2.4
Armour         | 1 2 |  2.3
Invocations    | 2 3 |  3.9
Short Blades   | |  0.4

Action                     |  1- 3 |  4- 6 |  7- 9 | 10-12 || total
---------------------------+-------+-------+-------+-------++-------
  Melee: Rapier            |       |       |    10 |       ||    10
   Cast: Shock             |    65 |    84 |   220 |       ||   369
         Static Discharge  |       |     8 |    24 |       ||    32
         Searing Ray       |       |     1 |    20 |       ||    21
         Poisonous Vapours |       |       |    15 |       ||    15
         Airstrike         |       |       |    39 |    10 ||    49
         Frozen Ramparts   |       |       |     3 |     2 ||     5
         Kiss of Death     |       |       |     1 |       ||     1
  Evoke: Wand              |       |       |     1 |       ||     1
    Use: Scroll            |       |       |     3 |       ||     3
         Potion            |       |       |       |     1 ||     1
 Armour: Robe              |     9 |     8 |     7 |       ||    24
         Leather armour    |       |       |    66 |     7 ||    73
  Dodge: Dodged            |     4 |    13 |    89 |     3 ||   109

Table legend: (Time is in decaauts)
 A = Elapsed time spent in this place.
 B = Non-inter-level travel time spent in this place.
 C = Inter-level travel time spent in this place.
 D = Time resting spent in this place.
 E = Time spent auto-exploring this place.
 F = Levels seen in this place.
 G = Mean time per level.
                   A        B        C        D        E       F      G
               +--------+--------+--------+--------+--------+-----+--------+
         Total |   5485 |   5018 |    467 |    279 |   3639 |  10 |  548.5 |
       Dungeon |   4881 |   4486 |    395 |    245 |   3364 |   7 |  697.3 |
        Temple |     75 |      3 |     72 |      0 |      0 |   1 |   75.0 |
       Ossuary |    365 |    365 |      0 |      0 |    188 |   1 |  365.0 |
        Bailey |    162 |    162 |      0 |     34 |     87 |   1 |  162.0 |
               +--------+--------+--------+--------+--------+-----+--------+

Top non-repeatable levels by time:
     D:6: 1238 daAuts
     D:1: 1038 daAuts
     D:4: 679 daAuts
     D:2: 655 daAuts
     D:5: 645 daAuts
     D:3: 600 daAuts
 Ossuary: 365 daAuts
  Bailey: 162 daAuts
  Temple: 75 daAuts
     D:7: 24 daAuts
